AoeStats
← kolemy

Yucatan

503285026Analyzed
3v3 RM · 1mo ago on Aug 31, 2026· 78m 28s· 6 players
Game mode
Random Map
Map size
Normal (6 player)
Population
200
Speed
Normal
Resources
Standard
Victory
Conquest
Starting age
Dark Age
Ending age
Imperial Age
RankedLock teamsTeams togetherTeam positionsShared explorationLock speedFull tech treeHidden civsTurbo modeCheats
Victory
Defeat
🇦🇷 Gurjaras · Argentina
619
+13
🇺🇸 Slavs · United States
615
+13
🇺🇸 Mongols · United States
565
+16
🇺🇸 Khmer · United States
593
-16
🇬🇹 Khmer · Guatemala
558
-14
🇨🇴 Romans · Colombia
528
-13
Bonging Dro
0:29 Loom
11:10 Feudal Age
12:52 Double-Bit Axe
13:56 Stone Mining
19:48 Castle Age
18:59 Gold Mining
18:59 Horse Collar
22:11 Wheelbarrow
21:42 Heavy Plow
22:29 Gold Shaft Mining
22:27 Bow Saw
26:33 Hand Cart
29:08 Man-at-Arms
29:10 Pikeman
29:51 Squires
32:27 Detinets
37:52 Imperial Age
35:30 Scale Mail Armor
35:41 Forging
35:42 Scale Barding Armor
35:29 Long Swordsman
36:50 Coinage
36:22 Caravan
38:11 Chain Mail Armor
38:32 Iron Casting
38:19 Chain Barding Armor
38:29 Two-Handed Swordsman
39:56 Champion
41:19 Plate Mail Armor
41:51 Blast Furnace
41:41 Banking
42:49 Plate Barding Armor
43:59 Padded Archer Armor
43:50 Fletching
46:34 Two-Man Saw
46:12 Crop Rotation
45:06 Halberdier
48:59 Ballistics
48:46 Siege Engineers
49:42 Chemistry
48:39 Murder Holes
48:58 Fortified Wall
48:59 Masonry
48:20 Heavy Scorpion
48:24 Capped Ram
49:50 Siege Ram
52:23 Elite Boyar
53:26 Conscription
53:09 Druzhina
53:37 Onager
56:44 Siege Onager
Gehoee31
0:28 Loom
13:50 Feudal Age
22:09 Bloodlines
25:09 Castle Age
23:39 Scale Barding Armor
25:42 Town Watch
25:23 Light Cavalry
26:05 Husbandry
25:51 Horse Collar
25:59 Double-Bit Axe
26:54 Fletching
28:44 Forging
34:53 Wheelbarrow
34:22 Guard Tower
34:32 Bodkin Arrow
35:28 Fortified Wall
35:40 Caravan
38:08 Squires
43:18 Imperial Age
41:00 Gold Mining
41:04 Stone Mining
42:03 Heavy Plow
42:19 Bow Saw
42:55 Chain Barding Armor
43:01 Ballistics
42:48 Nomads
43:50 Gold Shaft Mining
44:12 Hand Cart
45:45 Conscription
45:38 Murder Holes
48:23 Iron Casting
48:15 Town Patrol
48:50 Drill
49:31 Arson
50:41 Elite Steppe Lancer
52:55 Chemistry
52:03 Bracer
53:35 Stone Shaft Mining
54:52 Blast Furnace
55:03 Thumb Ring
55:38 Parthian Tactics
56:56 Siege Engineers
56:58 Scale Mail Armor
58:37 Elite Mangudai
67:26 Masonry
67:20 Padded Archer Armor
69:29 Leather Archer Armor
75:38 Sappers
76:46 Hoardings
76:43 Chain Mail Armor
76:52 Spies/Treason
HELLsing
7:50 Loom
10:00 Feudal Age
11:18 Wheelbarrow
11:28 Double-Bit Axe
19:22 Castle Age
18:31 Horse Collar
18:43 Gold Mining
19:23 Forging
20:22 Hand Cart
21:26 Scale Barding Armor
21:42 Bow Saw
28:13 Gold Shaft Mining
28:54 Heavy Plow
33:17 Imperial Age
33:39 Elite Chakram Thrower
35:23 Town Watch
36:18 Kshatriyas
35:39 Heavy Camel Rider
37:42 Iron Casting
37:00 Fletching
38:16 Stone Mining
39:05 Crop Rotation
38:43 Padded Archer Armor
39:32 Bodkin Arrow
40:23 Frontier Guards
40:22 Scale Mail Armor
40:25 Husbandry
41:45 Chain Barding Armor
41:40 Elite Shrivamsha Rider
43:52 Chain Mail Armor
44:27 Plate Barding Armor
43:52 Bracer
44:08 Leather Archer Armor
44:19 Town Patrol
47:59 Plate Mail Armor
47:43 Bloodlines
47:35 Murder Holes
48:41 Chemistry
47:23 Treadmill Crane
48:11 Onager
48:31 Elite Elephant Archer
55:05 Arson
54:45 Light Cavalry
55:39 Masonry
58:04 Conscription
62:13 Coinage
61:46 Caravan
63:16 Hussar
65:03 Hoardings
64:42 Fortified Wall
64:53 Ballistics
69:53 Thumb Ring
70:02 Thumb Ring
HumberV
10:27 Feudal Age
10:56 Horse Collar
12:50 Double-Bit Axe
14:56 Wheelbarrow
18:51 Gold Mining
23:02 Castle Age
22:24 Stone Mining
24:06 Hand Cart
23:14 Crossbowman
23:50 Fletching
24:09 Padded Archer Armor
24:58 Bodkin Arrow
25:39 Bow Saw
25:41 Caravan
26:26 Gold Shaft Mining
25:54 Light Cavalry
26:54 Bloodlines
33:27 Imperial Age
31:32 Husbandry
34:36 Arbalester
37:19 Heavy Scorpion
38:49 Scale Barding Armor
38:54 Forging
39:00 Leather Archer Armor
43:05 Double Crossbow
44:21 Iron Casting
44:08 Chain Barding Armor
44:22 Ring Archer Armor
45:52 Conscription
45:53 Bracer
46:20 Hussar
55:59 Blast Furnace
55:35 Plate Barding Armor
59:19 Cavalier
64:10 Heavy Cavalry Archer
64:25 Heavy Cavalry Archer
68:00 Parthian Tactics
kolemy
0:48 Loom
14:34 Feudal Age
16:52 Gold Mining
16:51 Double-Bit Axe
17:44 Wheelbarrow
16:55 Town Watch
22:35 Stone Mining
24:03 Horse Collar
28:41 Castle Age
30:29 Crossbowman
33:24 Bow Saw
35:25 Man-at-Arms
36:15 Fletching
38:59 Caravan
40:53 Bodkin Arrow
42:37 Hand Cart
42:23 Town Patrol
46:29 Imperial Age
44:27 Ballistics
44:15 Murder Holes
44:36 Padded Archer Armor
45:00 Heavy Plow
45:48 Herbal Medicine
46:07 Fortified Wall
45:49 Guard Tower
47:04 Tusk Swords
46:50 Arbalester
48:34 Chemistry
47:26 Elite Skirmisher
48:05 Light Cavalry
48:55 Bloodlines
48:46 Husbandry
48:07 Elite Battle Elephant
48:40 Capped Ram
50:03 Heavy Scorpion
58:28 Hussar
58:34 Pikeman
58:35 Long Swordsman
63:08 Halberdier
73:52 Double Crossbow
victorthebest12
0:58 Loom
11:42 Feudal Age
15:30 Double-Bit Axe
15:36 Horse Collar
15:45 Man-at-Arms
18:40 Wheelbarrow
18:36 Gold Mining
22:57 Castle Age
21:12 Stone Mining
23:38 Forging
23:30 Scale Mail Armor
23:38 Padded Archer Armor
27:25 Bow Saw
27:46 Hand Cart
27:43 Caravan
31:54 Long Swordsman
32:58 Husbandry
34:08 Crossbowman
36:57 Iron Casting
37:43 Ballistas
41:15 Heavy Plow
41:35 Light Cavalry
42:26 Bloodlines
46:30 Imperial Age
46:09 Coinage
48:21 Blast Furnace
47:40 Chain Mail Armor
47:41 Leather Archer Armor
47:33 Scale Barding Armor
48:04 Conscription
48:05 Heavy Scorpion
49:12 Legionary
52:35 Elite Centurion
58:55 Comitatenses
Connection lost

Rejoining the realm…

Still unreachable

The connection could not be restored.

Session expired

The server has moved on; the page needs a fresh start.